 Dungeon Crawl Stone Soup version 0.29-a0-72-g1732ff48e7 (webtiles) character file.

Game seed: 4181014103268336015

12428 timneilson the Protected (level 11, -15/67 HPs)
             Began as a Gargoyle Fighter on Feb 3, 2022.
             Was a High Priest of Okawaru.
             Demolished by a boulder beetle (31 damage)
             ... on level 12 of the Dungeon.
             The game lasted 00:22:30 (13886 turns).

timneilson the Protected (Gargoyle Fighter)        Turns: 13886, Time: 00:22:30

Health: -15/67     AC: 31    Str: 24    XL:     11   Next: 93%
Magic:  14/14      EV:  7    Int:  9    God:    Okawaru [*****.]
Gold:   516        SH: 15    Dex:  9    Spells: 10/10 levels left

rFire   + . .      SeeInvis +   a - +1 long sword
rCold   + . .      Faith    .   v - +0 kite shield
rNeg    + . .      Spirit   .   f - +0 plate armour
rPois   ∞          Reflect  +   j - +0 helmet
rElec   +          Harm     .   u - +1 cloak
rCorr   .          Rampage  .   k - +2 pair of gloves
Will    .....      Clarity  +   q - +0 pair of boots
Stlth   ..........              d - amulet of reflection
HPRegen 0.21/turn               r - ring of see invisible
MPRegen 0.14/turn               x - ring of protection from cold

@: no status effects
A: sickness immunity, AC +8, negative energy resistance 1, electricity
resistance, torment resistance 1, petrification resistance, clarity, fire
resistance 1
a: Renounce Religion, Heroism, Finesse, Duel


You were on level 12 of the Dungeon.
You worshipped Okawaru.
Okawaru was extremely pleased with you.
You visited 2 branches of the dungeon, and saw 13 of its levels.

You collected 666 gold pieces.
You spent 150 gold pieces at shops.

Inventory:

Hand Weapons
 a - a +1 long sword (weapon)
Armour
 f - a +0 plate armour (worn)
 j - a +0 helmet (worn)
 k - a +2 pair of gloves (worn)
 q - a +0 pair of boots (worn)
 u - a +1 cloak (worn)
 v - a +0 kite shield (worn)
Jewellery
 d - an amulet of reflection (around neck)
 r - a ring of see invisible (left hand)
 x - a ring of protection from cold (right hand)
Wands
 b - a wand of iceblast (2)
 c - a wand of paralysis (3)
 i - a wand of acid (12)
 s - a wand of polymorph (10)
 t - a wand of digging (3)
 A - a wand of flame (5)
Scrolls
 e - 13 scrolls of identify
 h - 6 scrolls of magic mapping
 n - a scroll of enchant weapon
 p - 3 scrolls of fear
 B - 3 scrolls of teleportation
Potions
 g - 3 potions of flight
 l - 3 potions of brilliance
 m - a potion of might
 o - a potion of attraction
 w - a potion of ambrosia {unknown}
 z - 3 potions of lignification
 C - a potion of heal wounds {unknown}
 D - a potion of curing
 E - a potion of mutation


   Skills:
 + Level 7.5 Fighting
 * Level 8.2 Long Blades
 * Level 10.2 Armour
 + Level 5.0 Dodging
 * Level 10.1 Shields
 + Level 4.5 Invocations
 + Level 5.0 Evocations


You had 10 spell levels left.
You didn't know any spells.
Your spell library contained the following spells:

 Spells                   Type           Power      Damage    Failure   Level
 Magic Dart               Conj           0%         1d3       100%        1
 Corpse Rot               Necr/Air       0%         N/A       100%        2
 Poisonous Vapours        Pois/Air       0%         N/A       100%        2
 Mephitic Cloud           Conj/Pois/Air  0%         N/A       100%        3
 Ozocubu's Armour         Ice            0%         N/A       100%        3
 Eringya's Noxious Bog    Tmut/Pois      0%         N/A       100%        6
 Ozocubu's Refrigeration  Ice            0%         4d5       100%        7
 Call Imp                 Summ           Unusable   N/A       N/A         2
 Summon Forest            Summ/Tloc      Unusable   N/A       N/A         5
 Summon Hydra             Summ           Unusable   N/A       N/A         7

Dungeon Overview and Level Annotations

Branches:
Dungeon (12/15)            Temple (1/1) D:6            Lair (0/6) D:11
    Orc (0/2) D:12

Altars:
Ashenzari
Cheibriados
Dithmenos
Elyvilon
Fedhas
Gozag
Hepliaklqana
Kikubaaqudgha
Makhleb
Nemelex Xobeh
Okawaru
Qazlal
Ru
Sif Muna
Trog
Uskayaw
Vehumet
Wu Jian
Xom
Yredelemnul
Zin
The Shining One

Shops:
D:1 [   D:5 =   D:6 [   D:9 [(:(

Annotations:
D:9 2 transporters, lmSkywalker's ghost, novice DjFE


Innate Abilities, Weirdness & Mutations

You are immune to sickness and miasma.
Your stone body is resilient. (AC +8)
You are immune to poison.
You resist negative energy. (rN+)
You are resistant to electric shocks. (rElec)
You are resistant to unholy torment.
You are immune to petrification.
You possess an exceptional clarity of mind.
Your flesh is heat resistant. (rF+)


Message History

The boulder beetle leaps!
You feel like a meek peon again.
The boulder beetle curls into a ball and begins rolling!
The boulder beetle hits you!!!
Ouch! That really hurt!
* * * LOW HITPOINT WARNING * * *
The boulder beetle stops rolling and uncurls.
You hit the boulder beetle.
The boulder beetle is heavily wounded.
You block the boulder beetle's attack.
You hit the boulder beetle but do no damage.
The boulder beetle is heavily wounded.
You block the boulder beetle's attack.
You slash the boulder beetle!
The boulder beetle is severely wounded.
You block the boulder beetle's attack.
You hit the boulder beetle.
The boulder beetle is severely wounded.
The boulder beetle bites you but does no damage.
You hit the boulder beetle but do no damage.
The boulder beetle is severely wounded.
The boulder beetle bites you but does no damage.
You hit the boulder beetle but do no damage.
The boulder beetle is severely wounded.
You block the boulder beetle's attack.
You hit the boulder beetle.
The boulder beetle is severely wounded.
You block the boulder beetle's attack.
You hit the boulder beetle but do no damage.
The boulder beetle is severely wounded.
You block the boulder beetle's attack.
You slash the boulder beetle!
The boulder beetle is almost dead.
The boulder beetle bites you.
* * * LOW HITPOINT WARNING * * *
The boulder beetle leaps!
The boulder beetle leaps!
The boulder beetle curls into a ball and begins rolling!
The boulder beetle hits you!!
You die...

......# #.#.#.# ..# #.#
......# #.#.#.# #.# #.#
..)...# #.#.#.# #.###.#
###'### #.#)#.# #.....##
..#.# #.#.#.# #.....<#
..#'######.#.#.# #.######
...........#.#.# #.#
...........#.#.######.#)#
...........#.#°B@.....#.#
......[....#.##########.#
...........#............#
###'######.##############
#.# #.# #.# #.# #.# #.#
#.# #.# #.# #.#


You could see a boulder beetle (rolling).

Vanquished Creatures
  A hydra (D:12)
  4 two-headed ogres
  A tengu warrior (D:12)
  An ugly thing (D:12)
  A cyclops (D:12)
  2 gargoyles
  2 unseen horrors
  3 trolls
  Grinder (D:3)
  A shadow (D:11)
  2 wyverns (D:8)
  10 yaks
  A wraith (D:10)
  A steam dragon (D:10)
  2 vampire mosquitoes (D:11)
  2 acid dragons
  4 water moccasins
  An ice beast (D:5)
  2 orc warriors
  4 sky beasts
  An ogre (D:4)
  3 necrophages
  8 centaurs
  A phantom (D:7)
  A bullfrog (D:7)
  3 kobold brigands
  A gnoll sergeant (D:6)
  2 scorpions
  A wyvern zombie (D:7)
  5 killer bees (D:9)
  2 howler monkeys (D:7)
  A bullfrog zombie (D:6)
  A gnoll shaman (D:10)
  4 hounds
  A bullfrog skeleton (D:6)
  4 orc priests
  An iguana (D:6)
  4 orc wizards
  A hound zombie (D:5)
  A howler monkey zombie (D:5)
  5 gnolls (D:10)
  6 adders
  A white imp (D:5)
  An ufetubus (D:6)
  An adder skeleton (D:4)
  A worm (D:4)
  3 dart slugs
  21 orcs
  2 endoplasms
  2 giant cockroaches
  7 goblins
  5 hobgoblins
  6 jackals
  20 kobolds
  3 quokkas
  2 ball pythons
  5 bats
  12 frilled lizards
  6 rats
201 creatures vanquished.

Vanquished Creatures (others)
  4 plants (D:6)
4 creatures vanquished.

Grand Total: 205 creatures vanquished

Notes
Turn   | Place    | Note
-------+----------+-------------------------------------------
     0 | D:1      | timneilson the Gargoyle Fighter began the quest for the
                  | Orb.
     0 | D:1      | Reached XP level 1. HP: 14/14 MP: 1/1
   478 | D:1      | Reached XP level 2. HP: 19/19 MP: 2/2
   589 | D:1      | Found Tipraox's Antique Armour Boutique.
  1341 | D:2      | Reached XP level 3. HP: 19/23 MP: 3/3
  1949 | D:3      | Noticed Grinder
  1963 | D:3      | Killed Grinder
  1964 | D:3      | Reached skill level 1 in Dodging
  1964 | D:3      | Reached XP level 4. HP: 20/29 MP: 4/4
  1964 | D:3      | Reached XP level 5. HP: 23/33 MP: 5/5
  1991 | D:3      | Found a snail-covered altar of Cheibriados.
  1998 | D:3      | Reached XP level 6. HP: 29/38 MP: 6/6
  2076 | D:3      | Found a sparkling altar of Nemelex Xobeh.
  2456 | D:4      | Found a shadowy altar of Dithmenos.
  3084 | D:4      | Reached skill level 5 in Armour
  3351 | D:4      | Found a glowing golden altar of the Shining One.
  3609 | D:4      | Identified a scroll of acquirement
  3609 | D:4      | Acquired an amulet of reflection
  3646 | D:5      | Entered Level 5 of the Dungeon
  3648 | D:5      | Noticed a sky beast
  3689 | D:5      | Reached skill level 5 in Shields
  3767 | D:5      | Noticed an ice beast
  3814 | D:5      | Killed an ice beast
  3815 | D:5      | Reached XP level 7. HP: 13/43 MP: 7/7
  3826 | D:5      | Found a white marble altar of Elyvilon.
  4399 | D:5      | Found Ufegunop's Jewellery Boutique.
  4850 | D:5      | Reached skill level 1 in Evocations
  5361 | D:6      | Reached XP level 8. HP: 32/48 MP: 8/8
  5477 | D:6      | Found a staircase to the Ecumenical Temple.
  5482 | Temple   | Entered the Ecumenical Temple
  5639 | D:6      | Found Gug Vor's Antique Armour Emporium.
  5648 | D:6      | Bought a glowing chain mail for 150 gold pieces
  5726 | D:6      | Found a shimmering altar of Xom.
  5726 | D:6      | Found a shimmering altar of Xom.
  5726 | D:6      | Found a shimmering altar of Xom.
  5726 | D:6      | Found a shimmering altar of Xom.
  5726 | D:6      | Found a shimmering altar of Xom.
  6129 | D:6      | Reached skill level 5 in Fighting
  6623 | D:7      | Reached skill level 5 in Long Blades
  6822 | D:7      | Reached XP level 9. HP: 54/54 MP: 9/9
  7423 | D:8      | Found a hide-covered altar of Uskayaw.
  7994 | D:8      | Found a blossoming altar of Fedhas.
  7995 | D:8      | Found a basalt altar of Yredelemnul.
  7999 | D:8      | Found an iron altar of Okawaru.
  8003 | D:8      | Became a worshipper of Warmaster Okawaru
  8284 | D:8      | Noticed a troll
  8340 | D:8      | Killed a troll
  8341 | D:8      | Reached skill level 1 in Invocations
  8757 | D:9      | Found Cudad's Antique Armour Boutique.
  8773 | D:9      | Found Linaff's Weapon Emporium.
  8883 | D:9      | Found Xoletan's Antique Weapon Shop.
  8914 | D:9      | Found Wetyohyc's Assorted Antiques.
  8921 | D:9      | Reached XP level 10. HP: 60/60 MP: 11/11
  8939 | D:9      | Found Hienn's Book Emporium.
  8939 | D:9      | Noticed an unseen horror
  8954 | D:9      | Reached * piety under Okawaru
  8976 | D:9      | Killed an unseen horror
 10040 | D:9      | Found a transporter.
 10047 | D:9      | Noticed a toenail golem
 10064 | D:9      | Found a transporter.
 10068 | D:9      | Noticed a thrashing horror
 10069 | D:9      | Noticed a rakshasa
 10073 | D:9      | Noticed a brown very ugly thing
 10152 | D:9      | Noticed lmSkywalker's ghost (novice DjFE)
 10237 | D:9      | Found a sacrificial altar of Ru.
 10306 | D:10     | Entered Level 10 of the Dungeon
 10382 | D:10     | Noticed a gargoyle
 10393 | D:10     | Gained mutation: You possess an exceptional clarity of
                  | mind. [potion of mutation]
 10393 | D:10     | Gained mutation: Your flesh is heat resistant. (rF+)
                  | [potion of mutation]
 10398 | D:10     | Killed a gargoyle
 10638 | D:10     | Reached ** piety under Okawaru
 11293 | D:10     | Found a shimmering blue altar of Sif Muna.
 11294 | D:10     | Found an ancient bone altar of Kikubaaqudgha.
 11400 | D:11     | Noticed a two-headed ogre
 11401 | D:11     | Noticed a two-headed ogre
 11412 | D:11     | Killed a two-headed ogre
 11412 | D:11     | Reached *** piety under Okawaru
 11427 | D:11     | Killed a two-headed ogre
 11428 | D:11     | Reached XP level 11. HP: 22/66 MP: 13/13
 11750 | D:11     | Found a staircase to the Lair.
 11796 | D:11     | Noticed a two-headed ogre
 11812 | D:11     | Killed a two-headed ogre
 12178 | D:11     | Noticed a brown ugly thing
 12178 | D:11     | Noticed a four-headed hydra
 12182 | D:11     | Noticed a two-headed ogre
 12401 | D:11     | HP: 3/67 [yak (12)]
 12925 | D:12     | Noticed a cyclops
 12939 | D:12     | Killed a cyclops
 12939 | D:12     | Reached **** piety under Okawaru
 13233 | D:12     | Noticed a two-headed ogre
 13241 | D:12     | Killed a two-headed ogre
 13371 | D:12     | Noticed a six-headed hydra
 13381 | D:12     | Killed a six-headed hydra
 13434 | D:12     | Noticed a brown ugly thing
 13459 | D:12     | Reached skill level 10 in Armour
 13470 | D:12     | Killed a brown ugly thing
 13471 | D:12     | Reached skill level 10 in Shields
 13587 | D:12     | Found a staircase to the Orcish Mines.
 13704 | D:12     | Reached ***** piety under Okawaru
 13785 | D:12     | Noticed a tengu warrior
 13802 | D:12     | Killed a tengu warrior
 13803 | D:12     | Reached skill level 5 in Dodging
 13803 | D:12     | Reached skill level 5 in Evocations
 13854 | D:12     | Noticed a boulder beetle
 13886 | D:12     | Demolished by a boulder beetle

Illustrated notes

Levels and vault maps discovered:
D:1:      dpeg_arrival_signposts, layout_basic, serial_shops,
          nicolae_shop_overgrown_old_shop
D:2:      layout_rooms, nicolae_figureground_sparkle
D:3:      layout_rooms, mainiacjoe_overflow_cross_hatched,
          general_overflow_altar, uniq_grinder
D:4:      layout_rooms, mainiacjoe_overflow_alcove_2, overflow_temple_1_default,
          minmay_close_crescents
D:5:      layout_layer_cave, elyvilon_altar_5, serial_shops, shop_statue,
          minmay_misc_feat_nine_boxes
D:6:      minmay_skewed_foursquare, layout_loops_ring, xom_redecorated,
          minmay_temple_entry_crystal_x, serial_shops, nicolae_stop_n_shop_2,
          minmay_lizard_king
D:7:      layout_loops_ring, nrook_mini_backslash
D:8:      layout_basic, mainiacjoe_overflow_catwalk, minitemple,
          lemuel_another_geyser
D:9:      layout_long_grid, kennysheep_mini, serial_shops, shop,
          nicolae_shop_hallway_plus, shop, shop, shop,
          gammafunk_ghost_abyssal_escape
D:10:     layout_irregular_city, mainiacjoe_overflow_big_doors
D:11:     layout_loops_cross, lair_entry_dummy, chequers_serial_rivers_large_a,
          onia_ninara_dug_in_and_dangerous
D:12:     layout_basic, orc_0_dummy
Temple:   nicolae_temple_figure_zero

Skill      XL: |  1  2  3  4  5  6  7  8  9 10 11 |
---------------+----------------------------------+-----
Long Blades    | 2 3 4 5 6 7 8 |  8.2
Armour         | 4 5 6 7 9 10 | 10.2
Dodging        | 1 2 3 4 5 |  5.0
Shields        | 4 5 6 7 9 10 | 10.1
Fighting       | 4 5 6 7 |  7.5
Evocations     | 1 2 3 4 5 |  5.0
Invocations    | 1 3 4 |  4.5

Action                   |  1- 3 |  4- 6 |  7- 9 | 10-12 || total
-------------------------+-------+-------+-------+-------++-------
Melee: Long sword        |   109 |   142 |   462 |   496 ||  1209
Invok: Heroism           |       |       |       |    11 ||    11
       Finesse           |       |       |       |     1 ||     1
Evoke: Wand              |       |       |       |     5 ||     5
  Use: Scroll            |     1 |     8 |    10 |     3 ||    22
       Potion            |     1 |     1 |     2 |     1 ||     5
Armor: Scale mail        |    64 |    76 |    67 |       ||   207
       Chain mail        |       |       |   173 |   271 ||   444
       Plate armour      |       |       |       |    45 ||    45
Dodge: Dodged            |    58 |    59 |   126 |   178 ||   421
Block: Buckler           |    23 |    44 |    82 |       ||   149
       Reflection        |       |     1 |    10 |    15 ||    26
       Kite shield       |       |       |   299 |   506 ||   805

Table legend: (Time is in decaauts)
 A = Elapsed time spent in this place.
 B = Non-inter-level travel time spent in this place.
 C = Inter-level travel time spent in this place.
 D = Time resting spent in this place.
 E = Time spent auto-exploring this place.
 F = Levels seen in this place.
 G = Mean time per level.
                   A        B        C        D        E       F      G
               +--------+--------+--------+--------+--------+-----+--------+
         Total |  14141 |  13871 |    270 |   1346 |   9473 |  13 | 1087.8 |
       Dungeon |  14017 |  13756 |    261 |   1346 |   9361 |  12 | 1168.1 |
        Temple |    123 |    114 |      9 |      0 |    112 |   1 |  123.0 |
               +--------+--------+--------+--------+--------+-----+--------+

Top non-repeatable levels by time:
     D:5: 1615 daAuts
     D:9: 1576 daAuts
     D:8: 1471 daAuts
    D:10: 1357 daAuts
    D:11: 1258 daAuts
     D:1: 1241 daAuts
     D:6: 1139 daAuts
     D:4: 1069 daAuts
    D:12: 990 daAuts
     D:7: 877 daAuts
     D:3: 726 daAuts
     D:2: 692 daAuts
  Temple: 123 daAuts
